 Dungeon Crawl Stone Soup version 0.24.0-10-g970556be89 (webtiles) character file.

Game seed: 10314546124285670913, levelgen mode: deterministic

30 Iamsoldier the Firebug (level 3, -1/26 HPs)
             Began as a Hill Orc Fire Elementalist on Nov 5, 2019.
             Was an Initiate of Cheibriados.
             Slain by an orc wizard
             ... wielding a +0 dagger
              (2 damage)
             ... on level 3 of the Dungeon.
             The game lasted 00:05:36 (2197 turns).

Iamsoldier the Firebug (Hill Orc Fire Elementalist) Turns: 2197, Time: 00:05:37

Health: -1/26      AC:  2    Str: 11    XL:     3   Next: 18%
Magic:  5/5        EV: 12    Int: 22    God:    Cheibriados [......]
Gold:   119        SH:  0    Dex: 12    Spells: 4/5 levels left

rFire    + + .     SeeInvis .   (no weapon)
rCold    + . .     Gourm    .   (no shield)
rNeg     . . .     Faith    .   a - +0 robe
rPois    +         Spirit   .   (no helmet)
rElec    +         Reflect  .   (no cloak)
rCorr    +         Harm     .   (no gloves)
MR       .....                  (no boots)
Stlth    ++........             (no amulet)
HPRegen  0.08/turn              f - ring of protection from fire
MPRegen  0.09/turn              (no ring)

@: brilliant, resistant, flying, very slow
A: no striking features
a: Bend Time, Renounce Religion


You were on level 3 of the Dungeon.
You worshipped Cheibriados.
Cheibriados was noncommittal.
You were hungry.

You visited 1 branch of the dungeon, and saw 3 of its levels.

You collected 119 gold pieces.

Inventory:

Armour
 a - a +0 robe (worn)
Jewellery
 f - a ring of protection from fire (left hand)
Scrolls
 d - a scroll of magic mapping {unknown}
 g - 2 scrolls of identify {unknown}
Potions
 i - a potion of magic
Comestibles
 c - 6 rations


   Skills:
 + Level 1.6 Dodging
 + Level 2.1 Stealth
 + Level 0.2 Unarmed Combat
 + Level 1.7 Spellcasting
 + Level 1.0 Conjurations
 + Level 4.0 Fire Magic


You had 4 spell levels left.
You knew the following spells:

 Your Spells              Type           Power        Failure   Level  Hunger
a - Flame Tongue          Conj/Fire      ####.        1%          1    #......

Your spell library contained the following spells:

 Spells                   Type           Power        Failure   Level  Hunger
 Throw Flame              Conj/Fire      ####..       1%          2    ###....
 Conjure Flame            Conj/Fire      ####....     1%          3    ###....
 Inner Flame              Hex/Fire       ###.....     2%          3    ###....
 Sticky Flame             Conj/Fire      ####....     5%          4    #####..
 Fireball                 Conj/Fire      ####......   14%         5    ######.


Dungeon Overview and Level Annotations

Branches:
Dungeon (3/15)

Altars:
Cheibriados
Ru
Uskayaw
Wu Jian


Message History

It was a potion of brilliance.
You feel clever all of a sudden.
A jackal comes into view.
It was a potion of magic.
Magic courses through your body.
The orc warrior hits you with a +0 long sword.
The jackal barks!
The orc wizard hits you with a +0 dagger.
A jackal comes into view.
The ooze hits you but does no damage.
The orc warrior hits you with a +0 long sword!
* * * LOW HITPOINT WARNING * * *
The orc wizard looks braver for a moment.
The ooze barely misses you. The orc wizard casts a spell at you.
The puff of flame misses you.
Found a scratched gilded ring.
The orc wizard hits you with a +0 dagger.
* * * LOW HITPOINT WARNING * * *
The orc wizard hits you with a +0 dagger.
You die...

........##.#
........##.#
........##.#
...........#
.......#..#
......h#og#
.......#..#
.......#oJ#
.......@..#
.......#.##
......=#.#
......##.#
.....# #.#
....# #.#
#### #.# .#


You could see an orc warrior, an orc wizard, an ooze, a jackal and a goblin.

Vanquished Creatures
  An orc (D:3)
  5 bats
  2 giant cockroaches (D:1)
  2 goblins (D:1)
  4 hobgoblins
  5 jackals (D:1)
  A kobold (D:1)
  2 frilled lizards
  3 rats (D:1)
25 creatures vanquished.

Notes
Turn   | Place    | Note
-------+----------+-------------------------------------------
     0 | D:1      | Iamsoldier the Hill Orc Fire Elementalist began the quest
                  | for the Orb.
     0 | D:1      | Reached XP level 1. HP: 14/14 MP: 3/3
   413 | D:1      | Reached XP level 2. HP: 20/20 MP: 0/4
  1439 | D:1      | Reached skill level 4 in Fire Magic
  1673 | D:2      | Reached XP level 3. HP: 26/26 MP: 3/5
  1696 | D:2      | Found an ornate altar of the Wu Jian Council.
  1698 | D:2      | Found a sacrificial altar of Ru.
  2037 | D:2      | Found a hide-covered altar of Uskayaw.
  2037 | D:2      | Found a snail-covered altar of Cheibriados.
  2051 | D:2      | Became a worshipper of Cheibriados the Contemplative
  2166 | D:3      | Noticed an orc warrior
  2193 | D:3      | HP: 1/26 [orc warrior/+0 long sword (8)]
  2197 | D:3      | Slain by an orc wizard

Levels and vault maps discovered:
D:1:      dpeg_arrival_solitude, layout_basic
D:2:      layout_rooms, amethyst_overflow_temple_binary,
          chequers_temple_overflow_statue_of_worship, first_ration
D:3:      layout_basic, overflow_temple_1_default

Skill      XL: |  1  2 |
---------------+-------+-----
Stealth        | 2 |  2.1
Fire Magic     | 4 |  4.0
Dodging        | |  1.6
Unarmed Combat | |  0.2
Spellcasting   | |  1.7
Conjurations   | |  1.0

Action                   || total
-------------------------++-------
Melee: Unarmed           ||    32
 Cast: Flame Tongue      ||    37
  Use: Potion            ||     4
  Eat: Chunk             ||     4
Armor: Robe              ||    13
Dodge: Dodged            ||    30
